 Dungeon Crawl Stone Soup version 0.23-a0-359-g9beedce (webtiles) character file.

604943 antrollio the Warrior (level 26, -5/240 HPs)
             Began as a Minotaur Monk on Oct 22, 2018.
             Was a High Priest of Yredelemnul.
             Killed by divine providence
             ... invoked by a smoke demon
              (12 damage)
             ... in Pandemonium on Oct 23, 2018.
             The game lasted 08:32:40 (54186 turns).

antrollio the Warrior (Minotaur Monk)              Turns: 54186, Time: 08:32:41

Health: -5/240     AC: 29    Str: 35    XL:     26   Next: 7%
Magic:  34/34      EV: 31    Int:  5    God:    Yredelemnul [*****.]
Gold:   3923       SH: 24    Dex: 34    Spells: 25/25 levels left

rFire    + + +     SeeInvis +   Y - +8 trident of the Pure Runes {pierce, +Blink +Inv MR- Str+9}
rCold    + + .     Gourm    .   y - +5 shield of the Sneaky Lies {*Slow rF++ rC+ Str+4}
rNeg     + + +     Faith    .   L - +1 storm dragon scales of the Fisher {rElec rF+ rN++ Str-4 SInv} (curse)
rPois    +         Spirit   .   (helmet restricted)
rElec    +         Reflect  .   O - +0 cloak of the Failed Coup {*Slow rElec MR+ Str+3 Stlth+}
rCorr    .         Harm     .   a - +2 pair of gloves
MR       ++...     Rnd*Rage +   D - +2 pair of boots
Stlth    ++++......             o - amulet of the Tarantula {*Corrode Fragile +Rage rPois Dex+8}
HPRegen  0.50/turn              e - ring "Asoreast" {rElec rN+ Str+3 Dex+3}
MPRegen  0.24/turn              l - ring of protection from magic

@: lethally poisoned (-5 -> -5), injury mirror, slowed, very slow
A: retaliatory headbutt, horns 2, agile 1, berserk 1, blurry vision 1, cold
resistance 1, dopey 1, sense surroundings 1, subdued magic 1
}: 4/15 runes: decaying, serpentine, slimy, silver
a: Recall Undead Slaves, Injury Mirror, Animate Dead, Drain Life, Enslave Soul,
Renounce Religion, Evoke Blink, Evoke Berserk Rage, Evoke Invisibility


You were in Pandemonium.
You worshipped Yredelemnul.
Yredelemnul was extremely pleased with you.
You were not hungry.

You visited 10 branches of the dungeon, and saw 51 of its levels.
You visited Pandemonium 1 time, and saw 4 of its levels.
You visited the Abyss 1 time.
You visited 2 bazaars.
You also visited: Sewer and Ossuary.

You collected 8644 gold pieces.
You spent 4721 gold pieces at shops.

Inventory:

Hand Weapons
 w - the +6 rapier of the Grave {freeze, Str+6}
   (You found it on level 4 of the Dungeon)

   It has been specially enchanted to freeze those struck by it, causing extra
   injury to most foes and up to half again as much damage against particularly
   susceptible opponents.
   It can also slow down cold-blooded creatures.
   It affects your strength (+6).
 Y - the +8 trident of the Pure Runes (weapon) {pierce, +Blink +Inv MR- Str+9}
   (You found it on level 2 of the Lair of Beasts)

   It inflicts extra damage upon your enemies.
   It affects your strength (+9).
   It affects your resistance to hostile enchantments.
   It lets you turn invisible.
   It lets you blink.
Armour
 a - a +2 pair of gloves (worn)
 y - the +5 shield of the Sneaky Lies (worn) {*Slow rF++ rC+ Str+4}
   (You acquired it on level 3 of the Elven Halls)

   It affects your strength (+4).
   It greatly protects you from fire.
   It protects you from cold.
   It may slow you when you take damage.
 D - a +2 pair of boots (worn)
 L - the cursed +1 storm dragon scales of the Fisher (worn) {rElec rF+ rN++ Str-4 SInv}
   (You bought it in a shop on level 2 of the Depths)

   It affects your strength (-4).
   It protects you from fire.
   It insulates you from electricity.
   It greatly protects you from negative energy.
   It lets you see invisible.
   It has a curse placed upon it.
 O - the +0 cloak of the Failed Coup (worn) {*Slow rElec MR+ Str+3 Stlth+}
   (You acquired it on level 4 of the Depths)

   It affects your strength (+3).
   It insulates you from electricity.
   It affects your resistance to hostile enchantments.
   It may slow you when you take damage.
   It makes you more stealthy.
Jewellery
 e - the ring "Asoreast" (left hand) {rElec rN+ Str+3 Dex+3}
   (You took it off a death knight on level 3 of the Crypt)

   [ring of positive energy]

   It affects your strength (+3).
   It affects your dexterity (+3).
   It insulates you from electricity.
   It protects you from negative energy.
 l - a ring of protection from magic (right hand)
 o - the amulet of the Tarantula (around neck) {*Corrode Fragile +Rage rPois Dex+8}
   (You found it on level 3 of the Elven Halls)

   [amulet of rage]

   It affects your dexterity (+8).
   It protects you from poison.
   It lets you go berserk.
   It may corrode you when you take damage.
   It will be destroyed if unequipped.
 U - an uncursed ring of resist corrosion
Wands
 f - a wand of disintegration (49)
 p - a wand of paralysis (14)
 q - a wand of enslavement (33)
 E - a wand of flame (22)
 G - a wand of iceblast (41)
 I - a wand of digging (20)
 J - a wand of random effects (143)
 Z - a wand of acid (22)
Scrolls
 i - a scroll of summoning
 j - 10 scrolls of magic mapping
 m - 12 scrolls of blinking
 v - 33 scrolls of identify
 A - 3 scrolls of enchant armour
 B - 5 scrolls of fear
 C - 34 scrolls of teleportation
 M - 5 scrolls of amnesia
 N - 7 scrolls of enchant weapon
 R - 2 scrolls of silence
 W - 5 scrolls of fog
 X - 5 scrolls of remove curse
Potions
 b - a potion of heal wounds
 d - a potion of mutation
 g - 12 potions of lignification
 r - 10 potions of curing
 s - 6 potions of haste
 t - 10 potions of flight
 u - 4 potions of ambrosia
 x - 6 potions of agility
 z - 6 potions of resistance
 F - 5 potions of cancellation
 H - a potion of magic
 K - 4 potions of might
 Q - a potion of berserk rage
 S - 3 potions of invisibility
Miscellaneous
 h - a lamp of fire
Comestibles
 c - 42 rations


   Skills:
 + Level 20.5 Fighting
 - Level 15.8(16.1) Short Blades
   Level 6.0(12.7) Long Blades
 + Level 18.1 Polearms
   Level 9.3 Crossbows
 + Level 20.3 Armour
 + Level 19.0 Dodging
 - Level 10.9 Stealth
 + Level 19.6 Shields
 + Level 17.2 Invocations
 + Level 11.9 Evocations


You had 25 spell levels left.
You didn't know any spells.
Your spell library contained the following spells:

 Spells                   Type           Power        Failure   Level  Hunger
 Animate Skeleton         Necr           N/A          73%         1    ##.....
 Beastly Appendage        Tmut           #.....       73%         1    ##.....
 Confusing Touch          Hex            #.....       73%         1    ##.....
 Corona                   Hex            #......      73%         1    ##.....
 Freeze                   Ice            #...         73%         1    ##.....
 Infusion                 Chrm           #...         73%         1    ##.....
 Pain                     Necr           #...         73%         1    ##.....
 Sandblast                Erth           #.....       73%         1    ##.....
 Sting                    Conj/Pois      #...         73%         1    ##.....
 Summon Butterflies       Summ           #.......     73%         1    ##.....
 Summon Small Mammal      Summ           #...         73%         1    ##.....
 Blink                    Tloc           N/A          86%         2    ###....
 Call Imp                 Summ           #.......     86%         2    ###....
 Corpse Rot               Necr           N/A          86%         2    ###....
 Ensorcelled Hibernation  Hex/Ice        #.....       86%         2    ###....
 Passwall                 Tmut/Erth      #.......     86%         2    ###....
 Poisonous Vapours        Pois/Air       #.....       86%         2    ###....
 Shroud of Golubria       Chrm/Tloc      #.........   86%         2    ###....
 Song of Slaying          Chrm           #.......     86%         2    ###....
 Sticks to Snakes         Tmut           #.......     86%         2    ###....
 Sublimation of Blood     Necr           #.........   86%         2    ###....
 Throw Frost              Conj/Ice       #.....       86%         2    ###....
 Call Canine Familiar     Summ           #.......     98%         3    ####...
 Confuse                  Hex            #.......     98%         3    ####...
 Conjure Flame            Conj/Fire      #.......     98%         3    ####...
 Gell's Gravitas          Tloc           #.........   98%         3    ####...
 Ignite Poison            Fire/Tmut/Pois #.......     98%         3    ####...
 Mephitic Cloud           Conj/Pois/Air  #.......     98%         3    ####...
 Ozocubu's Armour         Chrm/Ice       #.......     98%         3    ####...
 Recall                   Summ/Tloc      N/A          98%         3    ####...
 Regeneration             Chrm/Necr      #.........   98%         3    ####...
 Spectral Weapon          Hex/Chrm       #.......     98%         3    ####...
 Spider Form              Tmut/Pois      #.........   98%         3    ####...
 Static Discharge         Conj/Air       #.......     98%         3    ####...
 Stone Arrow              Conj/Erth      #.....       98%         3    ####...
 Summon Guardian Golem    Hex/Summ       #.......     98%         3    ####...
 Teleport Other           Tloc           #.......     98%         3    ####...
 Vampiric Draining        Necr           #.........   98%         3    ####...
 Airstrike                Air            #.........   100%        4    #####..
 Animate Dead             Necr           N/A          100%        4    #####..
 Ice Form                 Ice/Tmut       #.......     100%        4    #####..
 Iskenderun's Mystic Bla  Conj           #.......     100%        4    #####..
 Leda's Liquefaction      Hex/Erth       #.........   100%        4    #####..
 Olgreb's Toxic Radiance  Pois           #.......     100%        4    #####..
 Passage of Golubria      Tloc           N/A          100%        4    #####..
 Petrify                  Tmut/Erth      #.......     100%        4    #####..
 Summon Ice Beast         Ice/Summ       #.......     100%        4    #####..
 Summon Lightning Spire   Summ/Air       #.......     100%        4    #####..
 Throw Icicle             Conj/Ice       #.......     100%        4    #####..
 Alistair's Intoxication  Tmut/Pois      #.......     100%        5    ######.
 Aura of Abjuration       Summ           #.........   100%        5    ######.
 Blade Hands              Tmut           #.........   100%        5    ######.
 Borgnjor's Vile Clutch   Necr/Erth      #.........   100%        5    ######.
 Irradiate                Conj/Tmut      #.........   100%        5    ######.
 Lee's Rapid Deconstruct  Erth           #.........   100%        5    ######.
 Metabolic Englaciation   Hex/Ice        #.........   100%        5    ######.
 Silence                  Hex/Air        #.........   100%        5    ######.
 Summon Forest            Summ/Tloc      #.........   100%        5    ######.
 Venom Bolt               Conj/Pois      #.........   100%        5    ######.
 Yara's Violent Unravell  Hex/Tmut       #.........   100%        5    ######.
 Bolt of Cold             Conj/Ice       #.........   100%        6    #######
 Bolt of Fire             Conj/Fire      #.........   100%        6    #######
 Conjure Ball Lightning   Conj/Air       #.........   100%        6    #######
 Darkness                 Hex            #.........   100%        6    #######
 Death Channel            Necr           #.........   100%        6    #######
 Deflect Missiles         Chrm/Air       #.........   100%        6    #######
 Hydra Form               Tmut           #.........   100%        6    #######
 Shadow Creatures         Summ           N/A          100%        6    #######
 Simulacrum               Ice/Necr       #.........   100%        6    #######
 Statue Form              Tmut/Erth      #........    100%        6    #######
 Dragon Form              Tmut           #.........   100%        7    #######
 Haunt                    Necr/Summ      #.........   100%        7    #######
 Malign Gateway           Summ/Tloc      #.........   100%        7    #######
 Monstrous Menagerie      Summ           #.........   100%        7    #######
 Summon Greater Demon     Summ           #.........   100%        7    #######
 Borgnjor's Revivificati  Necr           #.........   100%        8    #######
 Death's Door             Chrm/Necr      #.........   100%        8    #######
 Infestation              Necr           #.........   100%        8    #######
 Necromutation            Tmut/Necr      #.........   100%        8    #######
 Summon Horrible Things   Summ           #.........   100%        8    #######
 Tornado                  Air            #.........   100%        9    #######


Dungeon Overview and Level Annotations

Branches:
Dungeon (15/15)            Temple (0/1) D:5            Lair (6/6) D:8
  Swamp (4/4) Lair:4        Snake (4/4) Lair:4        Slime (5/5) Lair:6
    Orc (2/2) D:9             Elf (3/3) Orc:2        Vaults (5/5) D:13
  Crypt (3/3) Vaults:3       Tomb (0/3) Crypt:3      Depths (4/5) D:15

Altars:
Cheibriados
Gozag
Nemelex Xobeh
Okawaru
Qazlal
Ru
Sif Muna
Trog
Vehumet
Wu Jian
Xom
Yredelemnul
Beogh
Jiyva
Lugonu

Shops:
D:7 =   D:10 :}   D:12 }   Orc:2 *:(:   Elf:2 =}*%*   Elf:3 :   Snake:4 !!
Depths:2 [   Depths:4 *

Portals:
Hell: Depths:1 Depths:2 Depths:3 Depths:4
Abyss: Depths:2 Depths:3
Pandemonium: Depths:1 Depths:3
Ziggurat: Depths:4
Trove: Depths:2 (give +3 gold dragon scales)

Annotations:
Lair:2 1 runed door, exclusion: 4 oklob plants, Ceffuacw's ghost, journeyman NaWz


Innate Abilities, Weirdness & Mutations

You reflexively headbutt those who attack you in melee.
You have a pair of horns on your head.
You are agile. (Dex +2)
You tend to lose your temper in combat.
Scrolls take you a little longer to read.
Your flesh is cold resistant. (rC+)
You are dopey. (Int -2)
You passively map a small area around you.
Your spells are a little easier to cast, but a little less powerful.


Message History

* * * LOW HITPOINT WARNING * * *
Yredelemnul mirrors your injury!
The smoke demon is heavily wounded.
A sun demon comes into view.
The Tzitzimitl engulfs you!
* * * LOW HITPOINT WARNING * * *
The Tzitzimitl drains your vigour!
You feel as though you will be slow longer.
Yredelemnul mirrors your injury!
The Tzitzimitl is moderately wounded.
The Tzitzimitl completely misses you. The cacodemon misses you.
You furiously retaliate!
You headbutt the cacodemon! You block the cacodemon's attack.
The Brimstone Fiend completely misses you.
You furiously retaliate!
You headbutt the Brimstone Fiend! The Brimstone Fiend barely misses you.
The Brimstone Fiend closely misses you. The smoke demon gestures at you.
Something smites you!
You die...
Your body rises from the dead as a mindless zombie.

** .. ,[...)... '
.###.∩#....## *
..##.#....'. , ,
**#.....[..... ,
##..X........ . ,
..........# , ,
....###211.3..3.#
'* .....§§@3.)...#,
, ...###..31....##
, , ,*
#.#*#...#.....#* ,*
* #.##...#......# ,
#####.#...#.......#
,*
....#....##.#####.#
, *#..........∩#
*.#
####.#.........# .#
, #......).......#
,


You could see a Tzitzimitl, a Brimstone Fiend, an Ice Fiend, a cacodemon, 2 sun
demons, a large abomination and 2 smoke demons.

Vanquished Creatures
  2 ancient liches
  4 pandemonium lords (Pan)
  Saint Roka (Snake:4)
  2 golden dragons
  2 profane servitors
  2 bone dragons
  2 Brimstone Fiends (Pan)
  A Hell Sentinel (Abyss:5)
  3 tentacled monstrosities (Vaults:5)
  2 deep elf blademasters (Elf:3)
  2 liches (Depths:3)
  A titan (Vaults:5)
  2 deep elf master archers (Elf:3)
  8 acid blobs
  9 tentacled starspawn
  5 sphinxes
  3 Executioners
  An ancient champion (Crypt:1)
  A tengu reaver (Depths:4)
  Agnes (Elf:1)
  A shadow dragon (Vaults:5)
  Kirke (D:12)
  A revenant (Abyss:5)
  A nagaraja (Snake:4)
  9 azure jellies
  6 deep elf sorcerers
  2 balrugs (Pan)
  5 fire giants
  5 cacodemons (Pan)
  4 frost giants
  12 vault wardens
  A warmonger (Pan)
  An orc warlord (Vaults:4)
  5 deep elf elementalists (Elf:3)
  5 ghouls (Crypt:3)
  11 ironheart preservers
  3 war gargoyles (Vaults:5)
  A draconian stormcaller (Abyss:5)
  5 reapers (Pan)
  2 corrupters (Pan)
  14 stone giants
  5 very ugly things
  4 entropy weavers
  A lorocyproca (Pan)
  A dire elephant (Lair:6)
  5 deep elf demonologists
  3 black suns (Pan)
  7 deep elf annihilators
  2 blizzard demons (Pan)
  2 spark wasps
  4 eidola (Crypt:3)
  4 crystal guardians
  Josephine (D:11)
  8 ettins
  7 deep elf death magi
  3 death oozes (Slime:5)
  4 green deaths (Pan)
  A jiangshi (Crypt:2)
  A deep elf high priest (Vaults:5)
  7 fire dragons
  13 yaktaur captains
  12 great orbs of eyes
  5 ice dragons
  A hell beast (Pan)
  36 large abominations
  6 naga warriors
  4 rakshasas
  3 monstrous demonspawn (Pan)
  Erica (D:11)
  20 vault guards
  7 centaur warriors
  11 hydras
  2 anacondas
  A shambling mangrove (Swamp:4)
  3 death knights
  3 alligators
  14 ogre magi
  24 two-headed ogres
  18 dancing weapons
  6 deep troll earth magi
  4 tengu warriors
  4 vampire magi
  6 deep troll shamans
  17 sun demons
  10 naga sharpshooters
  2 spriggan berserkers
  3 shock serpents
  A titan zombie (Crypt:3)
  24 thrashing horrors
  3 spriggans (Swamp:2)
  12 deep elf knights
  5 soul eaters (Pan)
  A storm dragon zombie (Crypt:3)
  Nergalle (Lair:1)
  18 wretched stars
  10 hell knights
  13 small abominations
  6 sixfirhies
  3 shadow wraiths
  3 iron trolls
  A salamander mystic (Snake:3)
  4 spatial maelstroms
  13 skeletal warriors
  52 starcursed masses
  3 shadow demons (Pan)
  A spriggan druid (Swamp:3)
  4 unseen horrors (Vaults:1)
  4 gelid demonspawn (Pan)
  7 ironbrand convokers
  4 torturous demonspawn (Pan)
  6 deep elf archers
  3 glowing orange brains
  18 deep trolls
  2 harpies
  2 naga ritualists
  3 infernal demonspawn (Pan)
  A swamp dragon (Swamp:3)
  3 necromancers
  A harpy (shapeshifter) (Vaults:2)
  10 orc knights
  4 flayed ghosts
  A mana viper (Snake:1)
  A spectral elf (Elf:3)
  7 wizards
  12 phantasmal warriors
  2 wolf spider zombies (Crypt:3)
  5 salamanders
  40 ugly things
  A wolf spider (Vaults:2)
  An orc sorcerer (Orc:1)
  A worldbinder (Abyss:5)
  36 deep elf magi
  2 manticores
  An orb spider (shapeshifter) (Vaults:4)
  A shadow dragon skeleton (Abyss:5)
  5 cyclopes
  A centaur zombie (D:14)
  A guardian serpent (Abyss:5)
  4 apocalypse crabs
  4 elephants (Lair:6)
  10 naga magi
  A guardian serpent (shapeshifter) (Depths:2)
  15 black mambas
  13 vault sentinels
  3 elephants (shapeshifter)
  24 smoke demons
  2 eyes of devastation (Slime:5)
  A shock serpent zombie (Crypt:3)
  Psyche (D:9)
  4 torpor snails (Lair:2)
  8 orange demons
  A titan simulacrum (Crypt:1)
  6 spiny frogs
  A hellion (Abyss:5)
  2 kobold demonologists
  2 rime drakes
  15 freezing wraiths
  2 anaconda simulacra
  A rime drake (shapeshifter) (Elf:1)
  6 komodo dragons
  45 yaktaurs
  10 ancient zymes
  A purple draconian skeleton (Crypt:1)
  2 hydra zombies (Crypt:3)
  9 demonic crawlers (Pan)
  A guardian mummy (Crypt:3)
  5 hellwings
  3 jumping spiders (Vaults:4)
  A polar bear (shapeshifter) (Vaults:2)
  2 red devils
  9 hornets
  A hornet (shapeshifter) (D:13)
  11 trolls
  A catoblepas skeleton (Abyss:4)
  40 raiju
  A queen bee (Lair:2)
  13 blink frogs
  4 bog bodies
  37 slime creatures
  An ice dragon zombie (Crypt:3)
  An ettin zombie (Crypt:3)
  11 hippogriffs
  4 air elementals
  An alligator skeleton (Crypt:2)
  4 flying skulls (Crypt:1)
  A frost giant simulacrum (Abyss:3)
  7 shadows
  2 redbacks (Vaults:4)
  A tarantella (Vaults:4)
  3 wyverns
  8 water elementals
  2 yaks (shapeshifter)
  11 wraiths
  12 ynoxinuls
  2 hogs (D:12)
  12 yaks
  2 fire bats (Lair:2)
  3 hungry ghosts
  2 hogs (shapeshifter)
  3 golden eyes (Slime:5)
  3 fire elementals
  6 basilisks
  A fire bat (shapeshifter) (Vaults:3)
  10 vampire mosquitoes
  A catoblepas simulacrum (Crypt:1)
  14 chaos spawn
  Edmund (D:6)
  3 human simulacra
  22 nagas
  11 neqoxecs
  A spatial vortex (Abyss:3)
  5 swamp worms
  A soldier ant (shapeshifter) (Depths:3)
  An acid dragon (D:9)
  An insubstantial wisp (Swamp:1)
  An acid dragon (shapeshifter) (Abyss:5)
  A soldier ant (D:11)
  3 wargs
  2 hell hounds (Depths:1)
  5 porcupines
  11 water moccasins
  A spiny frog zombie (Crypt:3)
  A hydra simulacrum (Crypt:1)
  A monstrous demonspawn skeleton (Crypt:2)
  2 swamp drakes
  4 ice beasts
  27 orc warriors
  2 sky beasts
  A hornet zombie (D:15)
  8 necrophages (Crypt:3)
  34 ogres
  3 eyes of draining
  4 wolves
  A phantom (D:5)
  12 centaurs
  5 crocodiles
  2 human skeletons
  An octopode zombie (Crypt:1)
  A salamander zombie (Crypt:1)
  3 big kobolds
  Blork the orc (Orc:2)
  15 bullfrogs
  5 earth elementals
  A gnoll sergeant (Orc:2)
  4 wyvern skeletons (Crypt:3)
  7 scorpions
  A killer bee (shapeshifter) (Abyss:5)
  A wight (D:7)
  30 killer bees
  A snapping turtle simulacrum (Crypt:1)
  5 electric eels
  4 howler monkeys
  7 crimson imps
  A lava snake (Lair:2)
  3 quasits
  A human zombie (Ossuary)
  7 hounds
  2 centaur skeletons
  A gnoll shaman (D:9)
  19 orc priests
  A jelly (D:11)
  19 orc wizards
  2 bullfrog skeletons
  4 iguanas
  10 worker ants
  A demigod zombie (Crypt:1)
  2 big kobold zombies (Ossuary)
  2 hound zombies
  A hound skeleton (D:6)
  3 mummies
  A howler monkey zombie (D:8)
  2 worker ant zombies
  21 adders
  6 shadow imps
  A swamp drake skeleton (Crypt:2)
  An ooze (D:5)
  An ufetubus (Abyss:3)
  An adder zombie (Ossuary)
  2 adder skeletons
  A worm (D:2)
  A dart slug (D:3)
  8 leopard geckos
  82 orcs
  7 giant cockroaches
  4 gnoll zombies
  11 goblins
  7 hobgoblins
  12 jackals
  7 quokkas
  8 ball pythons
  8 bats
  8 frilled lizards
  A goblin skeleton (Crypt:1)
  A goblin zombie (Ossuary)
  2 jackal zombies (Ossuary)
  19 kobolds
  A kobold simulacrum (Abyss:3)
  A kobold zombie (Ossuary)
  A leopard gecko skeleton (D:8)
  A leopard gecko zombie (D:7)
  A quokka skeleton (D:5)
  8 rats
  A rat zombie (Ossuary)
  4 plants
  12 starspawn tentacles
1865 creatures vanquished.

Vanquished Creatures (collateral kills)
  the Royal Jelly (Slime:5)
  Khufu (Crypt:3)
  2 greater mummies (Crypt:3)
  Jory (Crypt:3)
  A profane servitor (Crypt:3)
  A Brimstone Fiend (Pan)
  3 liches
  A tentacled monstrosity (Abyss:3)
  2 Ice Fiends (Pan)
  A deep elf blademaster (Elf:2)
  A quicksilver dragon (Vaults:5)
  6 acid blobs
  An Executioner (Pan)
  3 ancient champions
  A tentacled starspawn (Abyss:3)
  2 sphinxes
  4 thorn hunters
  2 storm dragons (Vaults:5)
  4 azure jellies
  5 tengu reavers
  A warmonger (Pan)
  Roxanne (Snake:3)
  7 nagarajas
  2 revenants
  A balrug (Pan)
  A blood saint (Pan)
  3 frost giants
  3 deep elf sorcerers
  5 fire giants
  3 vault wardens
  A cacodemon (Pan)
  2 orc warlords
  Louise (Elf:2)
  2 ghouls (Crypt:3)
  9 ironheart preservers
  A war gargoyle (Vaults:5)
  6 reapers
  A very ugly thing (Vaults:5)
  The ghost of MatthieuS the Protected, a journeyman MiWn of Ru (Lair:6)
  3 vampire knights
  2 entropy weavers (Vaults:2)
  4 black suns (Pan)
  10 stone giants
  A deep elf demonologist (Vaults:2)
  3 deep elf annihilators (Elf:3)
  4 dire elephants (Lair:6)
  A lorocyproca (Pan)
  4 spark wasps
  5 ettins
  A mummy priest (Crypt:3)
  The ghost of enarc13 the Covert, a journeyman VSEE of Dithmenos (Lair:4)
  A blizzard demon (Pan)
  2 green deaths (Pan)
  A merfolk javelineer (Depths:4)
  3 deep elf death magi (Elf:3)
  4 eidola
  9 fire dragons
  A crystal guardian (Depths:1)
  6 death oozes
  A quicksilver dragon zombie (Crypt:3)
  10 yaktaur captains
  6 great orbs of eyes
  8 jiangshi
  3 rakshasas
  A deep elf high priest (Elf:3)
  3 ice dragons
  10 naga warriors
  A monstrous demonspawn (Pan)
  10 vault guards
  9 anacondas
  14 hydras
  A ghost crab (Swamp:2)
  26 two-headed ogres
  2 shambling mangroves
  7 alligators
  A centaur warrior (Vaults:2)
  2 death knights
  7 ogre magi
  6 deep troll shamans
  9 dancing weapons
  A deep troll earth mage (Depths:1)
  The ghost of bonscott the Skirmisher, a journeyman TeAE of Hepliaklqana (Orc:2)
  3 tengu warriors
  3 shock serpents (Snake:4)
  3 thrashing horrors (Abyss:3)
  7 naga sharpshooters
  2 vampire magi (Crypt:2)
  6 deep elf knights (Elf:2)
  A golden dragon zombie (Crypt:3)
  5 hell knights
  3 soul eaters
  An iron troll (Depths:1)
  6 sun demons
  A fire crab (shapeshifter) (D:15)
  A sixfirhy (Pan)
  5 shadow wraiths
  2 spark wasp zombies (Crypt:1)
  3 small abominations
  12 skeletal warriors
  A quicksilver dragon simulacrum (Crypt:1)
  3 naga ritualists
  2 wretched stars (Abyss:5)
  3 deep elf archers
  4 gelid demonspawn (Pan)
  3 glowing orange brains
  2 unseen horrors
  4 flayed ghosts
  2 torturous demonspawn (Pan)
  10 deep trolls
  An unseen horror (shapeshifter) (D:13)
  2 shadow demons (Pan)
  3 orange crystal statues
  2 infernal demonspawn (Pan)
  A swamp dragon (shapeshifter) (Vaults:2)
  2 wizards
  An obsidian statue (Vaults:2)
  9 swamp dragons
  16 orc knights
  15 phantasmal warriors
  3 ironbrand convokers
  A harpy (Depths:1)
  19 deep elf magi
  5 mana vipers
  6 necromancers
  A frost giant zombie (Crypt:3)
  2 wolf spiders
  6 manticores
  13 ugly things
  4 cyclopes
  An orb spider (shapeshifter) (Abyss:3)
  8 salamanders
  4 shining eyes
  2 worldbinders
  A fire giant skeleton (Vaults:4)
  6 elephants
  3 guardian serpents
  A black mamba (shapeshifter) (Depths:4)
  A shock serpent zombie (Crypt:1)
  5 vault sentinels
  26 black mambas
  9 smoke demons
  An eye of devastation (Slime:1)
  12 naga magi
  5 spiny frogs
  A torpor snail (Lair:2)
  2 centaur skeletons
  18 yaktaurs
  4 orange demons (Pan)
  A rime drake (Lair:6)
  9 freezing wraiths
  An efreet (Abyss:3)
  5 komodo dragons
  A hellwing (Pan)
  A kobold demonologist (D:13)
  3 demonic crawlers
  An anaconda simulacrum (Crypt:1)
  An ice devil (Pan)
  A hellion (Pan)
  3 ancient zymes (Abyss:3)
  4 red devils
  2 jumping spiders (Vaults:2)
  7 trolls
  A wind drake (shapeshifter) (Vaults:2)
  A jumping spider (shapeshifter) (Elf:1)
  A hornet (Swamp:2)
  6 tyrant leeches
  A shadow dragon simulacrum (Crypt:1)
  A hornet (shapeshifter) (Vaults:4)
  6 raiju
  52 slime creatures
  8 blink frogs
  7 dream sheep (Lair:5)
  A frost giant simulacrum (Crypt:1)
  4 bog bodies
  6 hippogriffs
  A fire dragon zombie (Crypt:3)
  A deep troll zombie (Depths:1)
  A stone giant simulacrum (Crypt:1)
  An air elemental (Elf:3)
  15 starcursed masses
  3 flying skulls (Abyss:3)
  A tarantella (shapeshifter) (Vaults:4)
  A wyvern (Lair:6)
  A deep troll skeleton (Depths:1)
  A redback (Vaults:2)
  A spriggan (Swamp:2)
  4 ynoxinuls
  A black mamba zombie (Crypt:3)
  4 shadows
  2 spriggans (shapeshifter)
  2 fire elementals
  An ushabti (Crypt:3)
  A yak (shapeshifter) (Vaults:1)
  A dire elephant simulacrum (Crypt:1)
  4 water elementals
  6 wraiths
  6 basilisks
  5 yaks
  24 vampire mosquitoes
  A golden eye (shapeshifter) (Vaults:1)
  Grum (D:11)
  8 chaos spawn
  A hog (D:12)
  3 hungry ghosts
  3 human simulacra
  8 neqoxecs
  8 swamp worms
  3 human zombies
  3 insubstantial wisps (Swamp:1)
  2 wargs
  28 nagas
  17 water moccasins
  10 large abominations
  A porcupine (Lair:4)
  11 swamp drakes
  4 hell hounds (Depths:1)
  6 eyes of draining
  7 ice beasts
  2 ettin simulacra (Crypt:1)
  25 ogres
  12 orc warriors
  7 necrophages
  A wolf (Lair:2)
  11 centaurs
  An elephant skeleton (Crypt:2)
  5 human skeletons
  A big kobold (D:15)
  3 crocodiles
  4 bullfrogs
  An earth elemental (Elf:3)
  A salamander skeleton (Crypt:1)
  A wyvern skeleton (Crypt:3)
  2 troll zombies
  16 killer bees
  A snapping turtle simulacrum (Crypt:1)
  3 electric eels
  4 wights (D:7)
  3 crimson imps
  3 centaur zombies
  A hound (D:10)
  4 quasits (Orc:2)
  A bullfrog skeleton (D:12)
  A jelly (D:8)
  6 orc priests
  8 orc wizards
  2 worker ants
  7 mummies
  A worker ant zombie (D:7)
  A swamp drake zombie (Crypt:2)
  6 adders
  2 swamp drake skeletons (Crypt:1)
  2 white imps (Abyss:3)
  An ufetubus (Abyss:3)
  2 adder zombies
  A ball lightning (Abyss:3)
  A leopard gecko (D:6)
  30 orcs
  A giant cockroach (Abyss:3)
  2 goblins (Orc:1)
  A hobgoblin (Orc:1)
  A hobgoblin skeleton (Crypt:1)
  A hobgoblin zombie (Ossuary)
  3 kobolds
  6 briar patches (Swamp:4)
  36 fungi
  42 plants
  7 withered plants (Crypt:3)
1251 creatures vanquished.

Vanquished Creatures (others)
  8 bone dragons
  6 profane servitors
  9 ghouls
  A blood saint (Pan)
  An ironheart preserver (Vaults:1)
  A spectral Hell Sentinel (Pan)
  12 vampire knights
  A stone giant (Vaults:5)
  3 spectral humans
  A spectral titan (Vaults:5)
  2 spectral
  Ice Fiends (Pan)
  A deep elf death mage (Vaults:2)
  A very ugly thing zombie (Vaults:5)
  An ogre mage (Depths:3)
  A quicksilver dragon zombie (Vaults:5)
  A two-headed ogre (Vaults:2)
  A deep troll earth mage (Vaults:1)
  A thrashing horror (Abyss:5)
  A golden dragon zombie (Depths:4)
  A wretched star (Abyss:3)
  16 skeletal warriors
  A spectral cacodemon (Pan)
  13 flayed ghosts
  2 entropy weaver zombies (Vaults:2)
  A torturous demonspawn (Pan)
  A spectral green death (Pan)
  2 spectral ogres
  A tengu zombie (Vaults:5)
  A sphinx zombie (Vaults:4)
  7 phantasmal warriors
  A spectral elf (Elf:1)
  2 wolf spider zombies
  2 deep elf magi (Elf:2)
  A fire giant zombie (Depths:1)
  6 ugly thing zombies
  A frost giant zombie (Depths:4)
  A stone giant zombie (Vaults:2)
  A vault sentinel (Vaults:2)
  3 human skeletons
  4 demonspawn zombies (Pan)
  A naga mage (Snake:4)
  A smoke demon (Pan)
  3 demonspawn skeletons (Pan)
  3 yaktaur skeletons
  A spectral orc (D:15)
  A hellwing (Pan)
  2 redback zombies
  A hydra zombie (Swamp:4)
  A demonic crawler zombie (Pan)
  19 human zombies
  3 jumping spider zombies
  A guardian serpent zombie (Abyss:5)
  A tarantella zombie (Vaults:4)
  An ice dragon zombie (Vaults:2)
  An ettin zombie (Vaults:5)
  2 flying skulls (D:8)
  An ettin skeleton (Vaults:3)
  21 vampires
  5 wraiths
  2 black mamba zombies (Snake:4)
  2 chaos spawn (Pan)
  A neqoxec (Abyss:5)
  A spriggan skeleton (Swamp:2)
  5 deep troll zombies
  4 gelid demonspawn zombies (Pan)
  3 infernal demonspawn zombies (Pan)
  A naga (Abyss:5)
  5 two-headed ogre zombies
  A monstrous demonspawn skeleton (Pan)
  A torturous demonspawn zombie (Pan)
  11 elf zombies
  A monstrous demonspawn zombie (Pan)
  2 gelid demonspawn skeletons (Pan)
  2 small abominations (Abyss:5)
  A torturous demonspawn skeleton (Pan)
  A manticore zombie (Depths:1)
  A blink frog zombie (Lair:2)
  An elephant zombie (Lair:6)
  An ogre (Vaults:3)
  2 vampire mosquito zombies
  2 hippogriff zombies (Lair:2)
  2 salamander zombies (Abyss:5)
  An apocalypse crab zombie (Abyss:5)
  A komodo dragon zombie (Lair:6)
  17 yaktaur zombies
  A hell hound zombie (Depths:1)
  A water moccasin zombie (Snake:4)
  5 yak zombies
  2 troll zombies
  A wight (D:12)
  3 raiju skeletons (Abyss:5)
  11 raiju zombies (Abyss:5)
  A troll skeleton (Vaults:4)
  A bullfrog zombie (Lair:1)
  A wolf zombie (Lair:2)
  7 centaur zombies
  2 basilisk zombies (Lair:2)
  11 killer bee zombies
  5 naga zombies
  7 ogre zombies
  A big kobold zombie (D:11)
  A necrophage skeleton (D:7)
  A mummy (Slime:1)
  A worker ant zombie (D:11)
  A swamp drake zombie (Swamp:4)
  2 orc skeletons
  An electric eel zombie (Lair:6)
  2 adder zombies (D:8)
  2 kobold zombies (D:11)
  31 orc zombies
  2 briar patches (Swamp:4)
  4 fungi
  5 lurking horrors
  6 plants
  28 starspawn tentacles
  13 withered plants (Crypt:3)
422 creatures vanquished.

Grand Total: 3538 creatures vanquished

Notes
Turn   | Place    | Note
-------+----------+-------------------------------------------
     0 | D:1      | antrollio the Minotaur Monk began the quest for the Orb.
     0 | D:1      | Reached XP level 1. HP: 19/19 MP: 0/0
   234 | D:1      | Reached XP level 2. HP: 27/27 MP: 1/1
   305 | D:1      | Reached skill level 1 in Armour
   944 | D:2      | Reached XP level 3. HP: 33/33 MP: 2/2
  1334 | D:2      | Found a deep blue altar of Sif Muna.
  1623 | D:3      | Reached XP level 4. HP: 35/41 MP: 3/3
  1674 | D:3      | Found a sparkling altar of Nemelex Xobeh.
  2209 | D:3      | Found a glowing drain.
  2240 | Sewer    | Entered a sewer
  2341 | Sewer    | Reached XP level 5. HP: 47/47 MP: 4/4
  3339 | D:4      | Reached skill level 5 in Fighting
  3499 | D:4      | Reached skill level 5 in Long Blades
  3546 | D:4      | Found a shimmering altar of Xom.
  3588 | D:4      | Reached XP level 6. HP: 56/56 MP: 5/5
  3595 | D:4      | Got a transparent rapier
  3596 | D:4      | Identified the +6 rapier of the Grave {freeze, Str+6} (You
                  | found it on level 4 of the Dungeon)
  3747 | D:4      | Found a basalt altar of Yredelemnul.
  3756 | D:4      | Became a worshipper of Yredelemnul the Dark
  3756 | D:4      | Reached * piety under Yredelemnul
  3756 | D:4      | Reached ** piety under Yredelemnul
  3798 | D:5      | Entered Level 5 of the Dungeon
  3808 | D:5      | Reached skill level 1 in Short Blades
  3856 | D:5      | Found a staircase to the Ecumenical Temple.
  3895 | D:5      | Reached skill level 5 in Dodging
  3926 | D:5      | Found a stormy altar of Qazlal.
  3929 | D:5      | Noticed a fire elemental
  3957 | D:5      | Reached XP level 7. HP: 61/61 MP: 6/6
  4020 | D:5      | Reached skill level 1 in Invocations
  4052 | D:5      | Got a heavily runed ring mail
  4063 | D:5      | Identified the +0 ring mail of Untruth {Int+4 Stlth+} (You
                  | found it on level 5 of the Dungeon)
  4279 | D:5      | Noticed a water elemental
  4279 | D:5      | Noticed an air elemental
  4850 | D:6      | Reached *** piety under Yredelemnul
  4979 | D:6      | Noticed Edmund
  4999 | D:6      | Killed Edmund
  4999 | D:6      | Reached XP level 8. HP: 36/70 MP: 8/8
  5071 | D:6      | Found a sand-covered staircase.
  5080 | Ossuary  | Entered an ossuary
  5094 | Ossuary  | Received a gift from Yredelemnul (2 flying skulls)
  5105 | Ossuary  | Reached skill level 5 in Armour
  5701 | D:7      | Reached skill level 5 in Short Blades
  5710 | D:7      | Found Pessiriw's Jewellery Emporium.
  5894 | D:7      | Found a sacrificial altar of Ru.
  5947 | D:7      | Reached XP level 9. HP: 77/79 MP: 10/10
  6027 | D:7      | Reached skill level 1 in Shields
  6265 | D:8      | Reached **** piety under Yredelemnul
  6783 | D:8      | Found a staircase to the Lair.
  6784 | D:8      | Noticed a komodo dragon
  6813 | D:8      | Killed a komodo dragon
  7310 | D:9      | Noticed Psyche
  7321 | D:9      | Killed Psyche
  7326 | D:9      | Reached XP level 10. HP: 87/88 MP: 12/12
  7339 | D:9      | Found a radiant altar of Vehumet.
  7418 | D:9      | Received a gift from Yredelemnul (a mummy)
  7436 | D:9      | Received a gift from Yredelemnul (a wraith)
  7497 | D:9      | Reached skill level 5 in Invocations
  7650 | D:9      | Reached ***** piety under Yredelemnul
  7760 | D:9      | Received a gift from Yredelemnul (a wraith)
  7879 | D:9      | Found a staircase to the Orcish Mines.
  8132 | D:10     | Entered Level 10 of the Dungeon
  8219 | D:10     | Reached skill level 5 in Shields
  8235 | D:10     | Found Ixycol's Gadget Boutique.
  8285 | D:10     | Received a gift from Yredelemnul (a wraith)
  8372 | D:10     | Found Hazaunad's Book Shoppe.
  8569 | D:10     | Reached skill level 1 in Crossbows
  8672 | D:10     | Noticed a two-headed ogre
  8687 | D:10     | Killed a two-headed ogre
  8687 | D:10     | Reached XP level 11. HP: 60/97 MP: 14/14
  8896 | D:11     | Received a gift from Yredelemnul (a vampire)
  8952 | D:11     | Noticed a skeletal warrior
  8954 | D:11     | Noticed a skeletal warrior
  8955 | D:11     | Noticed a skeletal warrior
  8958 | D:11     | Noticed a skeletal warrior
  8984 | D:11     | Killed a skeletal warrior
  8988 | D:11     | Noticed a two-headed ogre
  8999 | D:11     | Killed a two-headed ogre
  9179 | D:11     | Killed a skeletal warrior
  9333 | D:11     | Noticed Erica
  9336 | D:11     | Noticed Josephine
  9339 | D:11     | Noticed Grum
  9353 | D:11     | Killed Josephine
  9377 | D:11     | Killed Erica
  9385 | D:11     | HP: 2/99 [orc priest/divine providence (13)]
  9398 | D:11     | Killed Grum
  9447 | D:11     | Reached skill level 5 in Stealth
  9466 | D:11     | Received a gift from Yredelemnul (a wight)
  9637 | D:11     | Killed a skeletal warrior
  9935 | D:11     | Killed a skeletal warrior
  9935 | D:11     | Reached skill level 10 in Fighting
 10018 | D:11     | Received a gift from Yredelemnul (a phantasmal warrior)
 10088 | D:12     | Reached XP level 12. HP: 104/106 MP: 16/16
 10180 | D:12     | Noticed Kirke
 10200 | D:12     | Killed Kirke
 10291 | D:12     | Noticed a seven-headed hydra
 10331 | D:12     | Killed a seven-headed hydra
 10396 | D:12     | Found an opulent altar of Gozag.
 10442 | D:12     | Reached ****** piety under Yredelemnul
 10448 | D:12     | Received a gift from Yredelemnul (a wraith)
 10571 | D:12     | Found Vuinol Xeiwn's Gadget Shoppe.
 10897 | D:13     | Received a gift from Yredelemnul (a skeletal warrior)
 10906 | D:13     | Found a gate to the Vaults.
 11047 | D:13     | Reached skill level 5 in Crossbows
 11393 | D:13     | Noticed Urug
 11416 | D:13     | Killed Urug
 11416 | D:13     | Enslaved Urug
 11500 | D:13     | Noticed a two-headed ogre
 11508 | D:13     | Killed a two-headed ogre
 11866 | D:14     | Reached skill level 10 in Armour
 12024 | D:14     | Received a gift from Yredelemnul (a vampire)
 12301 | D:15     | Entered Level 15 of the Dungeon
 12366 | D:15     | Noticed an eight-headed hydra
 12373 | D:15     | Killed an eight-headed hydra
 12373 | D:15     | Reached skill level 10 in Dodging
 12435 | D:15     | Received a gift from Yredelemnul (a skeletal warrior)
 12446 | D:15     | Found a basalt altar of Yredelemnul.
 12550 | D:15     | Reached XP level 13. HP: 103/115 MP: 17/17
 12557 | D:15     | Received a gift from Yredelemnul (a vampire knight)
 12665 | D:15     | Received a gift from Yredelemnul (a skeletal warrior)
 12673 | D:15     | Your ally Urug died
 12842 | D:15     | Found a staircase to the Depths.
 13264 | Lair:1   | Entered Level 1 of the Lair of Beasts
 13435 | Lair:1   | Noticed Nergalle
 13454 | Lair:1   | Killed Nergalle
 13454 | Lair:1   | Reached skill level 10 in Short Blades
 13610 | Lair:1   | Received a gift from Yredelemnul (a wraith)
 14311 | Lair:2   | Found a runed door.
 14312 | Lair:2   | Found a shimmering altar of Xom.
 14312 | Lair:2   | Noticed Ceffuacw's ghost (journeyman NaWz)
 14598 | Lair:2   | Found a snail-covered altar of Cheibriados.
 14609 | Lair:2   | Received a gift from Yredelemnul (a flayed ghost)
 14809 | Lair:2   | Received a gift from Yredelemnul (a phantasmal warrior)
 14867 | Lair:2   | Reached XP level 14. HP: 104/125 MP: 19/19
 15085 | Lair:2   | Got a warped trident
 15086 | Lair:2   | Identified the +8 trident of the Pure Runes {pierce, +Blink
                  | +Inv MR- Str+9} (You found it on level 2 of the Lair of
                  | Beasts)
 15515 | Lair:3   | Reached skill level 1 in Polearms
 15737 | Lair:3   | Received a gift from Yredelemnul (a phantasmal warrior)
 15917 | Lair:3   | Found an iron altar of Okawaru.
 16153 | Lair:4   | Found a staircase to the Snake Pit.
 16271 | Lair:4   | Received a gift from Yredelemnul (a ghoul)
 16350 | Lair:4   | Found a runed door.
 16350 | Lair:4   | Noticed enarc13's ghost (journeyman VSEE)
 16361 | Lair:4   | Killed enarc13's ghost
 16362 | Lair:4   | Received a gift from Yredelemnul (a profane servitor)
 16385 | Lair:4   | Found a staircase to the Swamp.
 16567 | Lair:4   | Identified the Guide on Excruciating Moulding
 17628 | Lair:6   | Entered Level 6 of the Lair of Beasts
 17760 | Lair:6   | Found a runed door.
 17883 | Lair:6   | Received a gift from Yredelemnul (a profane servitor)
 17959 | Lair:6   | Noticed MatthieuS's ghost (journeyman MiWn)
 17970 | Lair:6   | Killed MatthieuS's ghost
 18017 | Lair:6   | Reached skill level 10 in Shields
 18024 | Lair:6   | Found a staircase to the Slime Pits.
 18024 | Lair:6   | Found a viscous altar of Jiyva.
 18530 | Lair:6   | Received a gift from Yredelemnul (a profane servitor)
 18710 | Swamp:1  | Entered Level 1 of the Swamp
 18782 | Swamp:1  | Received a gift from Yredelemnul (a flayed ghost)
 18986 | Swamp:1  | Noticed Nikola
 18990 | Swamp:1  | HP: 2/127 [Nikola/chain lightning (29)]
 18994 | Swamp:1  | Killed Nikola
 18994 | Swamp:1  | Enslaved Nikola
 19588 | Swamp:2  | Received a gift from Yredelemnul (a ghoul)
 19637 | Swamp:2  | Received a gift from Yredelemnul (a ghoul)
 19731 | Swamp:2  | Noticed a thorn hunter
 19736 | Swamp:2  | Killed a thorn hunter
 19758 | Swamp:2  | Reached XP level 15. HP: 100/134 MP: 21/21
 19784 | Swamp:2  | Received a gift from Yredelemnul (a vampire knight)
 19832 | Swamp:2  | Your ally Nikola died
 20361 | Swamp:3  | Received a gift from Yredelemnul (a vampire knight)
 20570 | Swamp:3  | Noticed a thorn hunter
 20573 | Swamp:3  | Killed a thorn hunter
 21028 | Swamp:4  | Entered Level 4 of the Swamp
 21042 | Swamp:4  | Noticed a thorn hunter
 21049 | Swamp:4  | Reached skill level 10 in Invocations
 21058 | Swamp:4  | HP: 5/134 [briar patch's spines[a thorn hunter] (11)]
 21069 | Swamp:4  | Received a gift from Yredelemnul (a vampire)
 21081 | Swamp:4  | Killed a thorn hunter
 21115 | Swamp:4  | Got a decaying rune of Zot
 21323 | Swamp:4  | Noticed a thorn hunter
 21337 | Swamp:4  | Received a gift from Yredelemnul (a vampire knight)
 21339 | Swamp:4  | Killed a thorn hunter
 21476 | Swamp:4  | Got an encrusted war axe
 21477 | Swamp:4  | Identified the cursed +1 war axe of Gets {freeze, rC+
                  | Int+7} (You found it on level 4 of the Swamp)
 21888 | Orc:1    | Entered Level 1 of the Orcish Mines
 21906 | Orc:1    | Found a bloodstained altar of Trog.
 22035 | Orc:1    | Received a gift from Yredelemnul (a vampire)
 22129 | Orc:1    | Noticed an orc warlord
 22139 | Orc:1    | Received a gift from Yredelemnul (a flayed ghost)
 22150 | Orc:1    | Killed an orc warlord
 22367 | Orc:2    | Entered Level 2 of the Orcish Mines
 22466 | Orc:2    | Noticed Blork the orc
 22474 | Orc:2    | Killed Blork the orc
 22510 | Orc:2    | Found a transporter.
 22527 | Orc:2    | Found Xaplif's Assorted Antiques.
 22538 | Orc:2    | Received a gift from Yredelemnul (a vampire)
 22553 | Orc:2    | Found Ypeom's Antique Weapon Emporium.
 22566 | Orc:2    | Found Dicopen's Book Boutique.
 22569 | Orc:2    | Received a gift from Yredelemnul (a vampire)
 22585 | Orc:2    | Received a gift from Yredelemnul (a vampire knight)
 22585 | Orc:2    | Found Giloic's Book Shoppe.
 22598 | Orc:2    | Reached skill level 5 in Polearms
 22635 | Orc:2    | Bought a silvery potion for 19 gold pieces
 22635 | Orc:2    | Bought a scroll labeled VURASE TOUB for 22 gold pieces
 22635 | Orc:2    | Bought a scroll labeled QEYLAI AMEI for 22 gold pieces
 22635 | Orc:2    | Bought a potion of heal wounds for 110 gold pieces
 22712 | Orc:2    | Found a transporter.
 22717 | Orc:2    | Noticed bonscott's ghost (journeyman TeAE)
 22758 | Orc:2    | Found a staircase to the Elven Halls.
 22848 | Orc:2    | Received a gift from Yredelemnul (a phantasmal warrior)
 22992 | Orc:2    | Received a gift from Yredelemnul (a skeletal warrior)
 22996 | Orc:2    | Noticed an orc warlord
 23008 | Orc:2    | Killed an orc warlord
 23008 | Orc:2    | Reached XP level 16. HP: 144/144 MP: 22/22
 23172 | Orc:2    | Killed bonscott's ghost
 23174 | Orc:2    | Gained mutation: Your body sometimes deteriorates upon
                  | taking damage. [a neqoxec]
 23179 | Orc:2    | Gained mutation: You are frail. (-10% HP) [a neqoxec]
 23191 | Orc:2    | Got the ring "Qoesh" {Int-4}
 23429 | Snake:1  | Entered Level 1 of the Snake Pit
 23616 | Snake:1  | Received a gift from Yredelemnul (a skeletal warrior)
 24241 | Snake:2  | Received a gift from Yredelemnul (a ghoul)
 24286 | Snake:2  | Found an ornate altar of the Wu Jian Council.
 24348 | Snake:2  | Lost mutation: Your body sometimes deteriorates upon taking
                  | damage. [potion of mutation]
 24348 | Snake:2  | Lost mutation: You are frail. (-10% HP) [potion of
                  | mutation]
 24348 | Snake:2  | Gained mutation: You expend magic power (3 MP) to
                  | strengthen your wands. [potion of mutation]
 24348 | Snake:2  | Gained mutation: You have sharp toenails. [potion of
                  | mutation]
 24364 | Snake:2  | Received a gift from Yredelemnul (a flayed ghost)
 24617 | Snake:2  | Received a gift from Yredelemnul (a flayed ghost)
 24980 | Snake:3  | Received a gift from Yredelemnul (a bone dragon)
 25150 | Snake:3  | Identified Roxanne's Disquisition on Stones
 25150 | Snake:3  | Noticed Roxanne
 25166 | Snake:3  | Killed Roxanne
 25727 | Snake:4  | Entered Level 4 of the Snake Pit
 25789 | Snake:4  | Found Zuzamumn's Distillery.
 25833 | Snake:4  | Reached skill level 10 in Stealth
 25864 | Snake:4  | Found Dail's Distillery.
 26025 | Snake:4  | Reached XP level 17. HP: 92/152 MP: 24/24
 26047 | Snake:4  | Received a gift from Yredelemnul (a bone dragon)
 26167 | Snake:4  | Bought a potion of heal wounds for 60 gold pieces
 26235 | Snake:4  | Noticed Saint Roka
 26246 | Snake:4  | Received a gift from Yredelemnul (a vampire)
 26280 | Snake:4  | Killed Saint Roka
 26471 | Snake:4  | Got a serpentine rune of Zot
 26747 | Slime:1  | Entered Level 1 of the Pits of Slime
 26827 | Slime:1  | Received a gift from Yredelemnul (a vampire)
 26833 | Slime:1  | Killed an acid blob
 27119 | Slime:2  | Noticed an acid blob
 27137 | Slime:2  | Killed an acid blob
 27337 | Slime:2  | Noticed an acid blob
 27339 | Slime:2  | Noticed an acid blob
 27348 | Slime:2  | Killed an acid blob
 27351 | Slime:2  | Killed an acid blob
 27542 | Slime:3  | Received a gift from Yredelemnul (a vampire)
 27760 | Slime:3  | Noticed an acid blob
 27767 | Slime:3  | Killed an acid blob
 27897 | Slime:5  | Entered Level 5 of the Pits of Slime
 27897 | Slime:5  | Noticed an acid blob
 27897 | Slime:5  | Noticed an acid blob
 27909 | Slime:5  | Received a gift from Yredelemnul (a vampire)
 27909 | Slime:5  | Killed an acid blob
 27913 | Slime:5  | Killed an acid blob
 28104 | Slime:5  | Noticed an acid blob
 28115 | Slime:5  | Killed an acid blob
 28124 | Slime:5  | Received a gift from Yredelemnul (a flayed ghost)
 28212 | Slime:5  | Found a viscous altar of Jiyva.
 28212 | Slime:5  | Noticed an acid blob
 28213 | Slime:5  | Noticed the Royal Jelly
 28237 | Slime:5  | Noticed an acid blob
 28237 | Slime:5  | Noticed an acid blob
 28237 | Slime:5  | Noticed an acid blob
 28238 | Slime:5  | Noticed an acid blob
 28239 | Slime:5  | Noticed an acid blob
 28249 | Slime:5  | Killed the Royal Jelly
 28250 | Slime:5  | Killed an acid blob
 28255 | Slime:5  | Killed an acid blob
 28257 | Slime:5  | Killed an acid blob
 28277 | Slime:4  | Killed an acid blob
 28702 | Slime:5  | Noticed an acid blob
 28702 | Slime:5  | Noticed an acid blob
 28713 | Slime:5  | Killed an acid blob
 28722 | Slime:5  | Killed an acid blob
 28722 | Slime:5  | Reached XP level 18. HP: 50/162 MP: 19/26
 28743 | Slime:5  | Got a jewelled scale mail
 28744 | Slime:5  | Identified Sif Muna's Collected Works on Earthen Cold
 28746 | Slime:5  | Identified Sif Muna's Volume of Venomous Slavery
 28780 | Slime:5  | Identified the cursed +0 scale mail of Dithmenos's Whim
                  | {rElec rN+} (You found it on level 5 of the Pits of Slime)
 28781 | Slime:5  | Got a slimy rune of Zot
 28799 | Slime:5  | Identified the Collected Works on Calling
 28846 | Slime:5  | Identified the Disquisition on Contamination and
                  | Transmigration
 28912 | Slime:5  | Got a dazzling cloak
 28913 | Slime:5  | Identified the +2 cloak of Grot {rElec rF+ Dex+3} (You
                  | found it on level 5 of the Pits of Slime)
 28989 | Slime:5  | Received a gift from Yredelemnul (a skeletal warrior)
 28995 | Slime:5  | Paralysed by a great orb of eyes for 4 turns
 29000 | Slime:5  | Reached skill level 15 in Fighting
 29270 | Elf:1    | Entered Level 1 of the Elven Halls
 29737 | Elf:1    | Received a gift from Yredelemnul (a profane servitor)
 29855 | Elf:1    | Noticed Agnes
 29872 | Elf:1    | Killed Agnes
 29902 | Elf:1    | Received a gift from Yredelemnul (a vampire knight)
 30172 | Elf:2    | Found Kieng's General Store.
 30187 | Elf:2    | Found Buotzuot's Jewellery Boutique.
 30335 | Elf:2    | Found Doigan's General Store.
 30353 | Elf:2    | Bought a potion of heal wounds for 85 gold pieces
 30390 | Elf:2    | Found Ohoxa's Food Shop.
 30413 | Elf:2    | Found Cesygub's Gadget Emporium.
 30425 | Elf:2    | Reached skill level 15 in Armour
 30508 | Elf:2    | Received a gift from Yredelemnul (a skeletal warrior)
 30549 | Elf:2    | Received a gift from Yredelemnul (a vampire)
 30656 | Elf:2    | Found a huge runed gate.
 30656 | Elf:2    | Found a huge runed gate.
 30656 | Elf:2    | Found a huge runed gate.
 30656 | Elf:2    | Found a huge runed gate.
 30656 | Elf:2    | Found a huge runed gate.
 30899 | Elf:2    | Received a gift from Yredelemnul (a vampire)
 30899 | Elf:2    | Received a gift from Yredelemnul (a skeletal warrior)
 30935 | Elf:2    | Noticed Louise
 30944 | Elf:2    | Killed Louise
 31195 | Elf:3    | Entered Level 3 of the Elven Halls
 31214 | Elf:3    | Found Wuolaoq's Book Shoppe.
 31580 | Elf:3    | Received a gift from Yredelemnul (a skeletal warrior)
 31871 | Elf:3    | Upgraded the game from 0.23-a0-358-g98c7a59 to
                  | 0.23-a0-359-g9beedce
 31941 | Elf:3    | Killed a profane servitor
 32003 | Elf:3    | Received a gift from Yredelemnul (a skeletal warrior)
 32017 | Elf:3    | Noticed an Ice Fiend
 32021 | Elf:3    | Reached XP level 19. HP: 72/171 MP: 12/27
 32024 | Elf:3    | Reached skill level 10 in Polearms
 32028 | Elf:3    | Received a gift from Yredelemnul (a profane servitor)
 32031 | Elf:3    | Noticed a Brimstone Fiend
 32090 | Elf:3    | Received a gift from Yredelemnul (a bone dragon)
 32200 | Elf:3    | Found the +2 Maxwell's thermic engine {flame, freeze}
 32237 | Elf:3    | Got a steaming plate armour
 32248 | Elf:3    | Identified the cursed +1 plate armour of Yxia {Slay+3} (You
                  | found it on level 3 of the Elven Halls)
 32254 | Elf:3    | Identified the Grimoire of the Rocks and Transmigration
 32293 | Elf:3    | Identified the Grimoire of Bewitchment and Good Luck
 32337 | Elf:3    | Got a glittering amber ring
 32351 | Elf:3    | Got a scintillating copper amulet
 32464 | Elf:3    | Identified the ring of the Shining Light {*Tele rF+} (You
                  | found it on level 3 of the Elven Halls)
 32465 | Elf:3    | Identified the amulet of the Tarantula {*Corrode Fragile
                  | +Rage rPois Dex+8} (You found it on level 3 of the Elven
                  | Halls)
 32469 | Elf:3    | Got a pitted shield
 32480 | Elf:3    | Identified the +5 shield of the Sneaky Lies {*Slow rF++ rC+
                  | Str+4} (You acquired it on level 3 of the Elven Halls)
 32795 | Vaults:1 | Entered Level 1 of the Vaults
 32813 | Vaults:1 | Received a gift from Yredelemnul (a ghoul)
 32909 | Vaults:1 | Received a gift from Yredelemnul (a skeletal warrior)
 33161 | Vaults:1 | Reached skill level 1 in Evocations
 33420 | Vaults:1 | Received a gift from Yredelemnul (a phantasmal warrior)
 34012 | Vaults:2 | Received a gift from Yredelemnul (a vampire)
 34172 | Vaults:2 | Found a gateway to a bazaar.
 34183 | Vaults:2 | Received a gift from Yredelemnul (a vampire)
 34214 | Bazaar   | Entered a bazaar
 34216 | Bazaar   | Found Ritiah's Book Boutique.
 34220 | Bazaar   | Found Xyxizimupp's Antique Weapon Boutique.
 34220 | Bazaar   | Found Feal's Distillery.
 34221 | Bazaar   | Found Jigruitto's Antique Weapon Boutique.
 34226 | Bazaar   | Bought a potion of curing for 27 gold pieces
 34226 | Bazaar   | Bought a potion of mutation for 72 gold pieces
 34226 | Bazaar   | Bought a potion of mutation for 72 gold pieces
 34226 | Bazaar   | Bought a potion of curing for 27 gold pieces
 34226 | Bazaar   | Bought a potion of heal wounds for 45 gold pieces
 34397 | Vaults:2 | Received a gift from Yredelemnul (a vampire knight)
 34594 | Vaults:2 | Reached XP level 20. HP: 159/181 MP: 26/29
 34595 | Vaults:2 | Reached skill level 15 in Dodging
 34595 | Vaults:2 | Received a gift from Yredelemnul (a vampire knight)
 34619 | Vaults:2 | Reached skill level 15 in Shields
 35071 | Vaults:2 | Received a gift from Yredelemnul (a vampire knight)
 35234 | Vaults:2 | Received a gift from Yredelemnul (a ghoul)
 35802 | Vaults:3 | Received a gift from Yredelemnul (a vampire)
 36215 | Vaults:3 | Received a gift from Yredelemnul (a flayed ghost)
 36532 | Vaults:3 | Reached skill level 5 in Evocations
 36587 | Vaults:3 | Found a staircase to the Crypt.
 36842 | Vaults:4 | Received a gift from Yredelemnul (a bone dragon)
 37082 | Vaults:4 | Found a flickering gateway to a bazaar.
 37089 | Bazaar   | Entered a bazaar
 37089 | Bazaar   | Found Okladghott's Armour Boutique.
 37093 | Bazaar   | Found Ceycha's Magic Scroll Shop.
 37113 | Bazaar   | Found Noeraq's Distillery.
 37121 | Bazaar   | Bought a potion of curing for 51 gold pieces
 37121 | Bazaar   | Bought a potion of curing for 51 gold pieces
 37151 | Bazaar   | Found Qewkass's Antique Weapon Shoppe.
 37276 | Vaults:4 | Found a roughly hewn altar of Beogh.
 37292 | Vaults:4 | Received a gift from Yredelemnul (a profane servitor)
 37309 | Vaults:4 | Reached XP level 21. HP: 177/191 MP: 30/30
 37336 | Vaults:4 | Received a gift from Yredelemnul (a skeletal warrior)
 37725 | Vaults:4 | Identified the amulet "Songuarynk" {RegenMP Int+3 Dex+4}
 38438 | Vaults:5 | Entered Level 5 of the Vaults
 38446 | Vaults:5 | Received a gift from Yredelemnul (a flayed ghost)
 38474 | Vaults:5 | Paralysed by a lich for 6 turns
 38479 | Vaults:5 | HP: 9/191 [vault guard/+0 battleaxe (1)]
 38498 | Vaults:4 | Received a gift from Yredelemnul (a vampire knight)
 38606 | Vaults:4 | Received a gift from Yredelemnul (a vampire knight)
 38827 | Vaults:5 | Noticed an ancient lich
 38842 | Vaults:5 | Killed an ancient lich
 38886 | Vaults:5 | Noticed a golden dragon
 38896 | Vaults:5 | Killed a golden dragon
 39216 | Vaults:5 | Received a gift from Yredelemnul (a flayed ghost)
 39422 | Vaults:5 | Identified the amulet of the Scavenger {Gourm *Drain rF+++
                  | rN+++}
 39445 | Vaults:5 | Got a silver rune of Zot
 39635 | Vaults:5 | Reached XP level 22. HP: 113/201 MP: 30/32
 39635 | Vaults:5 | Received a gift from Yredelemnul (a flayed ghost)
 39742 | Vaults:5 | Identified the +7 mace of Pout {crush, *Drain MR+++ Str-3
                  | Int+7}
 39802 | Vaults:5 | Identified Sif Muna's Papyrus of Clay
 39885 | Vaults:5 | Received a gift from Yredelemnul (a ghoul)
 40527 | Crypt:1  | Entered Level 1 of the Crypt
 40568 | Crypt:1  | Received a gift from Yredelemnul (a bone dragon)
 40793 | Crypt:1  | Noticed Margery
 40814 | Crypt:1  | Killed Margery
 40814 | Crypt:1  | Enslaved Margery
 40882 | Crypt:1  | Received a gift from Yredelemnul (a skeletal warrior)
 41011 | Crypt:1  | Your ally Margery died
 41023 | Crypt:1  | Received a gift from Yredelemnul (a ghoul)
 41052 | Crypt:1  | Received a gift from Yredelemnul (a vampire)
 41084 | Crypt:1  | Reached skill level 15 in Invocations
 41416 | Crypt:2  | Received a gift from Yredelemnul (a flayed ghost)
 41955 | Crypt:3  | Entered Level 3 of the Crypt
 41967 | Crypt:3  | Noticed Jory
 41987 | Crypt:3  | Killed Jory
 41987 | Crypt:3  | Reached skill level 15 in Polearms
 42428 | Crypt:3  | Found a basalt altar of Yredelemnul.
 42588 | Crypt:3  | Found the ring of Shadows {Umbra +Inv Stlth+}
 42591 | Crypt:3  | Identified the ring "Asoreast" {rElec rN+ Str+3 Dex+3}
 42630 | Crypt:3  | Got a clouded amber ring
 42631 | Crypt:3  | Identified the ring "Ynanku" {+Blink rF+} (You found it on
                  | level 3 of the Crypt)
 42759 | Crypt:3  | Received a gift from Yredelemnul (a vampire)
 42917 | Crypt:3  | Noticed Khufu
 42919 | Crypt:3  | Noticed a greater mummy
 42926 | Crypt:3  | Noticed a greater mummy
 42954 | Crypt:3  | Killed a greater mummy
 42969 | Crypt:3  | Killed a greater mummy
 42994 | Crypt:3  | Killed Khufu
 43429 | Crypt:3  | Found a staircase to the Tomb.
 43559 | Crypt:3  | Reached XP level 23. HP: 203/210 MP: 33/33
 43560 | Crypt:3  | Received a gift from Yredelemnul (a profane servitor)
 44164 | Depths:1 | Entered Level 1 of the Depths
 44251 | Depths:1 | Received a gift from Yredelemnul (a vampire)
 44336 | Depths:1 | Received a gift from Yredelemnul (a bone dragon)
 44649 | Depths:1 | Found a gateway to Hell.
 44754 | Depths:1 | Received a gift from Yredelemnul (a skeletal warrior)
 44876 | Depths:1 | Found a runed door.
 45345 | Depths:1 | Found a one-way gate leading to the halls of Pandemonium.
 45447 | Depths:2 | Found Zuporphe's Antique Armour Shop.
 45462 | Depths:2 | Bought brightly glowing storm dragon scales for 2550 gold
                  | pieces
 45462 | Depths:2 | Identified the cursed +1 storm dragon scales of the Fisher
                  | {rElec rF+ rN++ Str-4 SInv} (You bought it in a shop on
                  | level 2 of the Depths)
 45599 | Depths:2 | Found a one-way gate to the infinite horrors of the Abyss.
 45702 | Depths:2 | Received a gift from Yredelemnul (a bone dragon)
 45763 | Depths:2 | Found a portal to a secret trove of treasure.
 46091 | Depths:3 | Received a gift from Yredelemnul (a phantasmal warrior)
 46607 | Depths:3 | Identified the Collected Works on Igneous Poisoning
 46620 | Depths:3 | Identified the Disquisition on the Twisted Escort
 46639 | Depths:3 | Identified the Almanac of the Torrid Birds
 46662 | Depths:3 | Found a deep blue altar of Sif Muna.
 46670 | Depths:3 | Received a gift from Yredelemnul (a ghoul)
 46692 | Depths:3 | Noticed an ancient lich
 46704 | Depths:3 | Killed an ancient lich
 46704 | Depths:3 | Reached skill level 15 in Short Blades
 46740 | Depths:3 | Identified Qanlonkaici's Catalogue of Shifting
                  | Weightlessness
 46755 | Depths:3 | Identified the Disquisition on the Voyage and Contamination
 47176 | Depths:3 | Found a corrupted altar of Lugonu.
 47273 | Depths:4 | Found Pommovas's Assorted Antiques.
 47280 | Depths:4 | Bought a scroll of acquirement for 1508 gold pieces
 47281 | Depths:4 | Got a distressingly furry cloak
 47292 | Depths:4 | Identified the +0 cloak of the Failed Coup {*Slow rElec MR+
                  | Str+3 Stlth+} (You acquired it on level 4 of the Depths)
 47295 | Depths:4 | Found a gateway to a ziggurat.
 47392 | Depths:4 | Reached XP level 24. HP: 199/221 MP: 33/33
 47632 | Depths:4 | Cast into level 3 of the Abyss (a deep elf sorcerer)
 47636 | Abyss:3  | Found a corrupted altar of Lugonu.
 47674 | Abyss:3  | Found a corrupted altar of Lugonu.
 47834 | Abyss:3  | Received a gift from Yredelemnul (a vampire)
 47923 | Abyss:3  | Received a gift from Yredelemnul (a vampire knight)
 48002 | Abyss:3  | Reached skill level 10 in Evocations
 48034 | Abyss:3  | Received a gift from Yredelemnul (a skeletal warrior)
 48083 | Abyss:3  | Received a gift from Yredelemnul (a vampire knight)
 48218 | Abyss:3  | Paralysed by accursed screaming for 2 turns
 48225 | Abyss:3  | Received a gift from Yredelemnul (a profane servitor)
 48266 | Abyss:3  | Received a gift from Yredelemnul (a vampire knight)
 48362 | Abyss:3  | Gained mutation: Your spells are a little easier to cast,
                  | but a little less powerful. [a neqoxec]
 48373 | Abyss:3  | Received a gift from Yredelemnul (a phantasmal warrior)
 48427 | Abyss:3  | Received a gift from Yredelemnul (a vampire)
 48465 | Abyss:3  | Received a gift from Yredelemnul (a flayed ghost)
 48642 | Abyss:4  | Received a gift from Yredelemnul (a bone dragon)
 48685 | Abyss:5  | Entered Level 5 of the Abyss
 48685 | Abyss:5  | Found a corrupted altar of Lugonu.
 48805 | Abyss:5  | Received a gift from Yredelemnul (a flayed ghost)
 48870 | Abyss:5  | Paralysed by accursed screaming for 2 turns
 49106 | Abyss:5  | Received a gift from Yredelemnul (a vampire)
 49348 | Abyss:5  | Received a gift from Yredelemnul (a ghoul)
 49351 | Abyss:5  | Gained mutation: You are weak. (Str -2) [a neqoxec]
 49611 | Abyss:5  | Reached XP level 25. HP: 79/231 MP: 34/34
 49634 | Depths:4 | Escaped the Abyss
 49661 | Depths:4 | Received a gift from Yredelemnul (a vampire knight)
 50100 | Depths:4 | Lost mutation: You have sharp toenails. [potion of
                  | mutation]
 50100 | Depths:4 | Lost mutation: You are weak. (Str -2) [potion of mutation]
 50100 | Depths:4 | Lost mutation: Your spells are a little easier to cast, but
                  | a little less powerful. [potion of mutation]
 50100 | Depths:4 | Lost mutation: You expend magic power (3 MP) to strengthen
                  | your wands. [potion of mutation]
 50100 | Depths:4 | Gained mutation: You are frail. (-10% HP) [potion of
                  | mutation]
 50100 | Depths:4 | Gained mutation: You have large cloven feet. [potion of
                  | mutation]
 50100 | Depths:4 | Gained mutation: You tend to lose your temper in combat.
                  | [potion of mutation]
 50100 | Depths:4 | Gained mutation: You are partially covered in molten
                  | scales. (AC +2) [potion of mutation]
 50101 | Depths:4 | Lost mutation: You are frail. (-10% HP) [potion of
                  | mutation]
 50101 | Depths:4 | Lost mutation: You have large cloven feet. [potion of
                  | mutation]
 50101 | Depths:4 | Gained mutation: Armour fits poorly on your strangely
                  | shaped body. [potion of mutation]
 50101 | Depths:4 | Gained mutation: Your mind is acute. (Int +2) [potion of
                  | mutation]
 50101 | Depths:4 | Gained mutation: You passively map a small area around you.
                  | [potion of mutation]
 50102 | Depths:4 | Lost mutation: Armour fits poorly on your strangely shaped
                  | body. [potion of mutation]
 50102 | Depths:4 | Lost mutation: Your mind is acute. (Int +2) [potion of
                  | mutation]
 50102 | Depths:4 | Lost mutation: You are partially covered in molten scales.
                  | (AC +2) [potion of mutation]
 50102 | Depths:4 | Lost mutation: You tend to lose your temper in combat.
                  | [potion of mutation]
 50102 | Depths:4 | Gained mutation: Your flesh is cold resistant. (rC+)
                  | [potion of mutation]
 50102 | Depths:4 | Gained mutation: You are agile. (Dex +2) [potion of
                  | mutation]
 50576 | Pan      | Entered Pandemonium
 50673 | Pan      | Noticed Ucveorax the pandemonium lord
 50704 | Pan      | Killed Ucveorax the pandemonium lord
 50760 | Pan      | HP: 9/231 [smoke demon/divine providence (14)]
 51646 | Pan      | Received a gift from Yredelemnul (a skeletal warrior)
 51849 | Pan      | Noticed Ydaxoz the pandemonium lord
 51867 | Pan      | Killed Ydaxoz the pandemonium lord
 51884 | Pan      | Gained mutation: Your spells are a little easier to cast,
                  | but a little less powerful. [a cacodemon]
 52187 | Pan      | Gained mutation: You tend to lose your temper in combat. [a
                  | cacodemon]
 52384 | Pan      | Received a gift from Yredelemnul (a skeletal warrior)
 52659 | Pan      | Gained mutation: You are dopey. (Int -2) [a cacodemon]
 52701 | Pan      | Received a gift from Yredelemnul (a flayed ghost)
 53380 | Pan      | Received a gift from Yredelemnul (a bone dragon)
 53816 | Pan      | Noticed Udys the pandemonium lord
 53829 | Pan      | Reached XP level 26. HP: 85/240 MP: 29/34
 53840 | Pan      | Killed Udys the pandemonium lord
 54041 | Pan      | Received a gift from Yredelemnul (a vampire)
 54142 | Pan      | Found an exit through the horrors of the Abyss.
 54142 | Pan      | Noticed Ukohurr the pandemonium lord
 54146 | Pan      | Gained mutation: Scrolls take you a little longer to read.
                  | [a cacodemon]
 54154 | Pan      | Killed Ukohurr the pandemonium lord
 54176 | Pan      | HP: 12/240 [reaper/+1 scythe of venom (27)]
 54185 | Pan      | HP: 9/240 [Tzitzimitl (7)]
 54186 | Pan      | Killed from afar by a smoke demon

Vault maps used:
D:1:      evilmike_arrival_rings, serial_park_tiny_pond, grunt_decor_one_mirror,
          minmay_misc_feat_cross, minivault_5
D:2:      nicolae_overflow_crystal_walls, skrybe_limestone_x, minmay_quantized
D:3:      kennysheep_the_goblin_king, portal_sewer_entry_f, lemuel_tele_altar
D:4:      cheibrodos_quashed, lemuel_zombie_altar_yredelemnul,
          kennysheep_little_box
D:5:      nicolae_qazlal_style_of_elements, minmay_temple_entry_statues_pillars,
          first_ration, guppyfry_early_lair_pool
D:6:      chequers_ossuary_entry_cave, uniq_edmund
D:7:      nicolae_ru_great_annihilating_truth, serial_shops, shop
D:8:      david_lair_shrubbed
D:9:      cheibrodos_barr_body, kennysheep_mini, hiddenorc1_lemuel, uniq_psyche
D:10:     serial_shops, shop, nicolae_shop_statue_plus
D:11:     hangedman_pestilent_swarm, uniq_josephine, uniq_grum, uniq_erica
D:12:     serial_shops, nicolae_shop_behind_doors, lemuel_statue_altar,
          uniq_kirke
D:13:     david_vaults_4, nooodl_food_tri, uniq_urug
D:14:     minmay_misc_feat_enclosed
D:15:     grunt_enter_depths_snipers, minmay_crystal_room, basic_altar
Lair:1:   hangedman_lair_generics_rect, uniq_nergalle
Lair:2:   hangedman_what_comes_after_a, ebering_ghost_xom,
          kennysheep_snail_temple
Lair:3:   basic_altar, st_stairs_8
Lair:4:   swamp_mist_pool, minmay_snake_entry_six_corridors,
          ebering_ghost_reflecting_pool, serial_bayou_shore_a
Lair:6:   due_jungle_book, slime_altar_1, gammafunk_ghost_grave, st_stairs_12,
          nicolae_quartered_pool_medium, bh_autumn_forest_stairs,
          serial_bayou_pond_c
Swamp:1:  evilmike_swamp_ruin_rubble_2, swamp_pool3, hangedman_swamp_blocks,
          uniq_nikola
Swamp:2:  evilmike_swamp_ruin_wall
Swamp:3:  evilmike_swamp_ruin_house_4, swamp_pool3
Swamp:4:  swamp
Snake:2:  basic_altar, spider_trap
Snake:3:  grunt_megastairs_2, lemuel_fruit_tree, uniq_roxanne
Snake:4:  snake_pit, hangedman_venom_bottle, minmay_shoptagon, uniq_saint_roka
Slime:3:  cheibrodos_slime_lost_civilization_6
Slime:4:  cheibrodos_slime_lost_civilization_5
Orc:1:    basic_altar, trog_hazing_becter
Orc:2:    st_orc_open, gammafunk_ghost_stat_death,
          portal_ice_cave_entry_ice_beasts, nicolae_orc_bridge_out,
          sword_in_stone
Elf:1:    hangedman_corner_corridor, serial_sigils_hangedman_gnaw, uniq_agnes
Elf:2:    serial_shops, shop, shop, nicolae_shop_waterfront, shop,
          nicolae_shop_stone, basic_stair_grate_trap, uniq_louise
Elf:3:    elf_hall, serial_shops, nicolae_shop_waterfront, abandoned_shop,
          nrook_uturn, minivault_16, stair_cage_line
Vaults:1: nicolae_vaults_circle_grid_a, hangedman_vaults_maws,
          vaults_room_guarded_vault, nicolae_vaults_theta,
          nicolae_vaults_windows_and_doors_thing, grunt_vaults_hallway_short,
          v_misc_1, vaults_room_grunt_arrival_ludios,
          hangedman_vaults_river_flow, nicolae_vaults_big_ls, vaults_dpeg_ring,
          ontoclasm_vaults_ring_large
Vaults:2: grunt_vaults_hallway_short, v_misc_13, hangedman_vaults_slither,
          nicolae_vaults_little_squares_6, nicolae_vaults_ninety_degrees,
          vaults_room_hallway, nicolae_vaults_fighting_squares,
          vaults_room_octagon, grunt_vaults_diagonal, ontoclasm_vaults_chip,
          grunt_vaults_focal, ontoclasm_vaults_chip,
          nicolae_vaults_border_crossing, v_pattern_5, serial_shops, statue_bzr
Vaults:3: v_misc_3, minmay_crypt_entry_simple_round,
          hangedman_vaults_stretched_pinwheel, hangedman_vaults_slice, v_misc_4,
          ontoclasm_vaults_tryst, vaults_room_door_hall
Vaults:4: v_alt_pattern_2, nicolae_vaults_network_quinsquares,
          vaults_standard_mumra_lines, nicolae_vaults_yaktaur_gun_rack,
          hangedman_vaults_restitches, nicolae_vaults_theta,
          special_room_vaults, serial_shops, bzr_entry_road
Crypt:1:  st_chilly_death, grunt_crypt_arrival_guarded_gate, uniq_margery
Crypt:2:  grunt_megastairs_4
Crypt:3:  evilmike_haunted_forest, uniq_khufu, uniq_jory
Depths:1: hangedman_geh_valley, corexii_leaking_fountain, pan_entry,
          grunt_decor_mini_mirrors, chequers_serial_rivers_large_a,
          minmay_statues_item, hex_medium, minmay_crystal_box
Depths:2: minmay_haunted_quarter, chequers_serial_rivers_micro_e, enter_trove_1,
          hell_entry, nicolae_abyss_entry_one_way_or_another, serial_shops,
          nicolae_shop_overgrown_old_shop
Depths:3: evilmike_library_of_no_secrets, chequers_serial_rivers_micro_a,
          pan_entry, hell_entry, abyss_entry_flame_altar, wad_floor_pattern_2,
          minmay_door_square, minivault_16
Depths:4: nooodl_heptagram, enter_ziggurat_a, serial_shops, shop,
          minmay_room_of_horrors, hell_entry, serial_bayou_lagoon_a
Abyss:3:  evilmike_abyss_exit_smiterflies,
          evilmike_nicolae_abyss_rune_containment_curve
Abyss:4:  hangedman_abyss_rune_flesh_and_stone, due_exit_kobolds
Abyss:5:  evilmike_abyss_exit_10, grunt_abyss_rune_wretched_hive,
          evilmike_abyss_exit_5
Pan:      evilmike_mini_pan_diamond, rand_demon_3, grunt_pan_sceptre,
          nicolae_pan_gloorx_vloqian_4, nicolae_pan_sigil_obb,
          evilmike_mini_pan_doors
Bazaar:   bazaar_minmay_cross, bazaar_kb_twisted_cavern
Sewer:    sewer_co_scattered_pipes
Ossuary:  ossuary_minmay_tomb_2a

Skill      XL: |  1  2  3  4  5  6  7  8  9 10 11 12 13 14 15 16 17 18 19 20 21 22 23 24 25 |
---------------+----------------------------------------------------------------------------+-----
Armour         | 1 2 3 4 6 7 8 9 10 11 12 13 14 15 16 17 18 19 20 | 20.3
Fighting       | 4 5 6 7 8 9 10 11 12 13 14 15 16 17 18 19 20 | 20.5
Long Blades    | 4 5 6 |  6.0
Dodging        | 4 5 6 7 8 9 10 11 12 13 14 15 16 17 18 19 | 19.0
Short Blades   | 2 4 5 6 7 8 9 10 11 12 13 14 15 | 15.8
Invocations    | 2 3 4 5 6 7 8 9 10 11 12 13 14 15 16 17 | 17.2
Shields        | 3 5 7 8 9 10 11 12 13 14 15 16 17 18 19 | 19.6
Stealth        | 2 4 5 6 7 8 9 10 | 10.9
Crossbows      | 1 4 5 7 8 9 |  9.3
Polearms       | 3 5 9 12 13 14 15 16 17 18 | 18.1
Evocations     | 3 5 7 8 9 10 11 | 11.9

Action                   |  1- 3 |  4- 6 |  7- 9 | 10-12 | 13-15 | 16-18 | 19-21 | 22-24 | 25-27 || total
-------------------------+-------+-------+-------+-------+-------+-------+-------+-------+-------++-------
Melee: Falchion          |    77 |    97 |       |       |       |       |       |       |       ||   174
       Headbutt          |    15 |    27 |    53 |   142 |   194 |   421 |   560 |   890 |   295 ||  2597
       Long sword        |       |    20 |    22 |       |       |       |       |       |       ||    42
       Rapier            |       |    39 |   179 |   548 |   714 |  1261 |   259 |   435 |       ||  3435
       Trident           |       |       |       |       |       |    46 |  1351 |  2090 |   972 ||  4459
 Fire: Hand crossbow     |       |       |       |    11 |    17 |     2 |       |       |       ||    30
Invok: Animate Remains   |       |     2 |     5 |       |       |       |       |       |       ||     7
       Animate Dead      |       |       |    16 |    48 |    60 |    43 |    54 |    41 |    19 ||   281
       Enslave Soul      |       |       |       |     3 |     3 |     2 |     3 |     4 |     7 ||    22
       Drain Life        |       |       |       |       |     9 |    16 |    12 |    16 |     4 ||    57
       Recall Undead Sla |       |       |       |       |     2 |     5 |     1 |     8 |     1 ||    17
       Injury Mirror     |       |       |       |       |     1 |     2 |     2 |       |     3 ||     8
 Abil: Evoke Berserk Rag |       |       |       |       |       |       |       |       |     1 ||     1
Evoke: Wand              |       |       |       |       |     2 |     2 |       |     1 |       ||     5
       Lamp of fire      |       |       |       |       |       |     1 |     1 |       |       ||     2
       Fan of gales      |       |       |       |       |       |     1 |       |       |       ||     1
  Use: Scroll            |       |       |       |    14 |    22 |     5 |    10 |     7 |     2 ||    60
       Potion            |       |       |       |     1 |     6 |     5 |     2 |    15 |    10 ||    39
 Stab: Sleeping          |     3 |       |    16 |    30 |    54 |    14 |     5 |     8 |     2 ||   132
       Distracted        |       |     1 |       |     7 |    13 |    35 |    49 |    64 |    39 ||   208
       Paralysed         |       |       |     1 |       |     1 |     3 |     4 |     2 |       ||    11
       Invisible         |       |       |     1 |       |       |       |       |     5 |       ||     6
       Confused          |       |       |       |       |       |     1 |       |       |     3 ||     4
       Petrified         |       |       |       |       |       |       |       |     3 |       ||     3
  Eat: Chunk             |     2 |     9 |     9 |    24 |    33 |    13 |    35 |    26 |    17 ||   168
       Ration            |       |       |     3 |     5 |    10 |    13 |     5 |    10 |     4 ||    50
Armor: Robe              |    13 |       |       |       |       |       |       |       |       ||    13
       Ring mail         |       |    46 |    38 |   107 |    78 |       |       |       |       ||   269
       Swamp dragon scal |       |       |       |       |     8 |    41 |       |       |       ||    49
       Plate armour      |       |       |       |       |       |   200 |   250 |   117 |       ||   567
       Storm dragon scal |       |       |       |       |       |       |       |    87 |   117 ||   204
Dodge: Dodged            |    54 |   125 |   110 |   316 |   331 |   405 |   534 |   793 |   369 ||  3037
Block: Shield            |       |       |       |    74 |   379 |   672 |  1040 |  1399 |   699 ||  4263
       Rpst.: Falchion   |    10 |    23 |       |       |       |       |       |       |       ||    33
       Long sword        |       |     1 |     3 |       |       |       |       |       |       ||     4

Table legend:
 A = Non-vault XP
 B = Vault XP
 C = Vault XP percentage of total XP
 D = Non-vault monster count
 E = Vault monster count
 F = Vault count percentage of total count
                 A         B        C        D         E       F
            +---------+---------+-------+---------+---------+-------
      Total |  762382 |  567336 |  42.7 |    1981 |    1016 |  33.9
            +---------+---------+-------+---------+---------+-------
        D:1 |      28 |       0 |   0.0 |      17 |       0 |   0.0
        D:2 |      42 |       9 |  17.6 |      12 |       3 |  20.0
        D:3 |      82 |      28 |  25.5 |      24 |      13 |  35.1
        D:4 |     166 |       4 |   2.4 |       7 |       2 |  22.2
        D:5 |     767 |       7 |   0.9 |      27 |       1 |   3.6
        D:6 |     328 |     171 |  34.3 |      15 |       1 |   6.2
        D:7 |    1450 |       6 |   0.4 |      21 |       4 |  16.0
        D:8 |    1023 |     270 |  20.9 |      23 |       1 |   4.2
        D:9 |    2399 |    1059 |  30.6 |      38 |      29 |  43.3
       D:10 |    3545 |       0 |   0.0 |      32 |       0 |   0.0
       D:11 |    5893 |    3827 |  39.4 |      56 |      13 |  18.8
       D:12 |    2924 |    2234 |  43.3 |      31 |       4 |  11.4
       D:13 |    3011 |    2289 |  43.2 |      12 |      10 |  45.5
       D:14 |    2508 |       0 |   0.0 |      22 |       0 |   0.0
       D:15 |   15116 |    2140 |  12.4 |      53 |       3 |   5.4
     Lair:1 |    1307 |    2567 |  66.3 |       6 |       8 |  57.1
     Lair:2 |    2211 |    7284 |  76.7 |      14 |      59 |  80.8
     Lair:3 |    2934 |     935 |  24.2 |      15 |       3 |  16.7
     Lair:4 |    3127 |    2151 |  40.8 |      20 |      18 |  47.4
     Lair:5 |    2983 |       0 |   0.0 |      16 |       0 |   0.0
     Lair:6 |    8865 |    3032 |  25.5 |      25 |       7 |  21.9
    Swamp:1 |    7863 |       0 |   0.0 |      34 |       0 |   0.0
    Swamp:2 |   12542 |       0 |   0.0 |      35 |       0 |   0.0
    Swamp:3 |    8967 |       0 |   0.0 |      37 |       0 |   0.0
    Swamp:4 |    6214 |   11854 |  65.6 |      19 |      28 |  59.6
    Snake:1 |   14521 |       0 |   0.0 |      40 |       0 |   0.0
    Snake:2 |   11298 |       0 |   0.0 |      25 |       0 |   0.0
    Snake:3 |   11453 |    3158 |  21.6 |      33 |       7 |  17.5
    Snake:4 |    9480 |   29497 |  75.7 |      32 |      74 |  69.8
    Slime:1 |    9336 |       0 |   0.0 |      21 |       0 |   0.0
    Slime:2 |    9668 |       0 |   0.0 |      19 |       0 |   0.0
    Slime:3 |    8071 |       0 |   0.0 |      20 |       0 |   0.0
    Slime:4 |    1877 |       0 |   0.0 |       6 |       0 |   0.0
    Slime:5 |   10415 |   20949 |  66.8 |      21 |      13 |  38.2
      Orc:1 |    3245 |       7 |   0.2 |      31 |       6 |  16.2
      Orc:2 |    3057 |   13857 |  81.9 |      21 |      60 |  74.1
      Elf:1 |   12021 |    4842 |  28.7 |      23 |       7 |  23.3
      Elf:2 |   12781 |   16800 |  56.8 |      27 |      27 |  50.0
      Elf:3 |   14288 |   39960 |  73.7 |      28 |      32 |  53.3
   Vaults:1 |   20880 |   23488 |  52.9 |      48 |      54 |  52.9
   Vaults:2 |   36915 |   31453 |  46.0 |      64 |      48 |  42.9
   Vaults:3 |   30264 |    6986 |  18.8 |      46 |      15 |  24.6
   Vaults:4 |   32717 |   42472 |  56.5 |      69 |      72 |  51.1
   Vaults:5 |   30839 |   83268 |  73.0 |      49 |      68 |  58.1
    Crypt:1 |   14568 |   12223 |  45.6 |      48 |      41 |  46.1
    Crypt:2 |    8132 |    6930 |  46.0 |      21 |      11 |  34.4
    Crypt:3 |       0 |   68755 | 100.0 |       0 |      97 | 100.0
   Depths:1 |   50817 |   18269 |  26.4 |      84 |      32 |  27.6
   Depths:2 |   15072 |    1244 |   7.6 |      24 |       1 |   4.0
   Depths:3 |   19748 |   25657 |  56.5 |      32 |      21 |  39.6
   Depths:4 |   15673 |   30816 |  66.3 |      28 |      33 |  54.1
    Abyss:3 |   53663 |       0 |   0.0 |     140 |       0 |   0.0
    Abyss:4 |    9300 |     589 |   6.0 |      30 |       3 |   9.1
    Abyss:5 |   89849 |     183 |   0.2 |     184 |       1 |   0.5
        Pan |  106139 |   45869 |  30.2 |     156 |      50 |  24.3
      Sewer |       0 |      42 | 100.0 |       0 |      20 | 100.0
    Ossuary |       0 |     155 | 100.0 |       0 |      16 | 100.0
            +---------+---------+-------+---------+---------+-------
